AoeStats
← ricky102603

Arabia

509560606Analyzed
1v1 RM · 6d ago on Sep 27, 2026· 16m 16s· 2 players
Game mode
Random Map
Map size
Tiny (2 player)
Population
200
Speed
Normal
Resources
Standard
Victory
Conquest
Starting age
Dark Age
Ending age
Imperial Age
RankedLock teamsTeams togetherTeam positionsShared explorationLock speedFull tech treeHidden civsTurbo modeCheats
Victory
Defeat
🇹🇼 Ethiopians · Taiwan
1004
+13
🇿🇦 Vikings · South Africa
940
-18
CallMeUnc
4:25 Loom
11:38 Feudal Age
12:10 Town Watch
12:10 Horse Collar
12:17 Double-Bit Axe
ricky102603
9:14 Feudal Age
8:07 Loom
13:33 Fletching
Connection lost

Rejoining the realm…

Still unreachable

The connection could not be restored.

Session expired

The server has moved on; the page needs a fresh start.